 Dungeon Crawl Stone Soup version 0.28-a0-863-g8cecda6153 (webtiles) character file.

Game seed: 18268163474831904885

249 patchburns1 the Grave Robber (level 5, 0/37 HPs)
             Began as a Demonspawn Necromancer on Nov 18, 2021.
             Slain by a centaur (1 damage)
             ... on level 5 of the Dungeon.
             The game lasted 00:24:32 (4840 turns).

patchburns1 the Grave Robber (DsNe)                 Turns: 4840, Time: 00:24:33

Health: 0/37       AC:  2    Str:  8    XL:     5   Next: 87%
Magic:  6/9        EV: 12    Int: 18    God:
Gold:   106        SH:  0    Dex: 13    Spells: 5/10 levels left

rFire   . . .      SeeInvis .   h - staff of death
rCold   . . .      Faith    .   (no shield)
rNeg    + . .      Spirit   .   a - +0 robe
rPois   .          Reflect  .   (no helmet)
rElec   .          Harm     .   (no cloak)
rCorr   .          Rampage  .   (no gloves)
Will    .....                   (no boots)
Stlth   ++........              (no amulet)
HPRegen 0.12/turn               (no ring)
MPRegen 0.11/turn               (no ring)

@: no status effects
A: powered by death 1, weakness stinger 2
a: no special abilities


You were on level 5 of the Dungeon.
You visited 1 branch of the dungeon, and saw 5 of its levels.

You collected 106 gold pieces.

Inventory:

Hand Weapons
 i - a +1 dagger of electrocution
 n - a +0 hunting sling
 s - a +0 spear
 t - a +3 dagger
Missiles
 c - 16 poisoned darts
 l - 120 stones
 m - 5 boomerangs
 p - 22 arrows
 v - 3 throwing nets
Armour
 a - a +0 robe (worn)
 w - a +0 animal skin
 x - a +0 animal skin
Magical Staves
 h - a staff of death (weapon)
Jewellery
 r - the amulet of Lawkuuci {Acrobat Harm rElec Int-4 Dex+9}
   (You found it on level 4 of the Dungeon)

   [amulet of the acrobat]

   It increases your evasion while moving and waiting.
   Int:       It affects your intelligence (-4).
   Dex:       It affects your dexterity (+9).
   rElec:     It insulates you from electricity.
   Harm:      It increases damage dealt and taken.
Wands
 y - a wand of charming (7)
Scrolls
 b - 3 scrolls of immolation
 e - a scroll of brand weapon
 f - a scroll of magic mapping {unknown}
 g - a scroll of amnesia {unknown}
 j - a scroll of blinking {unknown}
 q - 3 scrolls of teleportation
Potions
 d - 2 potions of might
 k - 2 potions of attraction
 o - a potion of flight
 u - 2 potions of curing
 z - a potion of resistance {unknown}


   Skills:
 + Level 1.3 Fighting
 + Level 1.1 Staves
 + Level 1.4 Armour
 + Level 2.4 Dodging
 + Level 2.5 Stealth
 * Level 3.1 Spellcasting
 * Level 5.3 Necromancy
 + Level 1.1 Evocations


You had 5 spell levels left.
You knew the following spells:

 Your Spells              Type           Power      Damage    Failure   Level
a - Pain                  Necr           100%       1d9       1%          1
b - Animate Skeleton      Necr           66%        N/A       1%          1
c - Vampiric Draining     Necr           33%        2d8       5%          3

Your spell library contained the following spells:

 Spells                   Type           Power      Damage    Failure   Level
 Animate Dead             Necr           16%        N/A       17%         4
 Agony                    Necr           33%        N/A       43%         5


Dungeon Overview and Level Annotations

Branches:
Dungeon (5/15)
 Temple: D:4-7

Altars:
Trog
Uskayaw


Innate Abilities, Weirdness & Mutations

You regenerate a little health from kills.
You have a tail ending in a sharp stinger.


Message History

Found a stone staircase leading down.
You open the door.
A centaur comes into view.
The centaur shouts!
The centaur wields a +0 shortbow.
The centaur shoots an arrow.
The arrow hits you!
The centaur shoots an arrow.
The arrow hits you.
The centaur unwields a +0 shortbow.
The centaur hits you.
The centaur kicks you but does no damage.
Aiming: Pain (safe; 1% risk of failure)
Press: ? - help, Q - select action, (/) - cycle Shift-Dir - straight line, f - centaur
Aim: a centaur, quivering arrows (chance to affect: 84%)
You feel a surge of power!
The centaur writhes in agony.
The centaur barely misses you. The centaur kicks you. The centaur hits you.
* * * LOW HITPOINT WARNING * * *
The centaur barely misses you.
Aiming: Pain (safe; 1% risk of failure)
Press: ? - help, Q - select action, (/) - cycle Shift-Dir - straight line, f/p - centaur
Aim: a centaur, quivering arrows (lightly wounded, chance to affect: 84%)
You feel a surge of power!
The centaur writhes in agony!
The centaur hits you.
* * * LOW HITPOINT WARNING * * *
The centaur kicks you.
* * * LOW HITPOINT WARNING * * *
Aiming: Pain (safe; 1% risk of failure)
Press: ? - help, Q - select action, (/) - cycle Shift-Dir - straight line, f/p - centaur
Aim: a centaur, quivering arrows (heavily wounded, chance to affect: 84%)
You feel a surge of power!
The centaur writhes in agony.
The centaur hits you but does no damage.
The centaur closely misses you. The centaur hits you.
* * * LOW HITPOINT WARNING * * *
The centaur barely misses you.
Aiming: Charm
Press: ? - help, Shift-Dir - straight line, f/p - centaur
Aim: a centaur, quivering arrows (heavily wounded, chance to affect: 49%)
The centaur resists with some effort.
The centaur hits you but does no damage.
The centaur kicks you but does no damage.
The centaur barely misses you. The centaur kicks you.
You die...

#.......# #+#
#..####.# #...##
##...###.####.....#
#..................
#......#.##........
.............'........
#####......c##........
#.#..##.##........
#.......##@#....
###......c.# ...
#####.#### +# #.# #.#
#.# #.# #.# #.


You could see a centaur.

Vanquished Creatures
  An ogre (D:3)
  A hound (D:5)
  4 adders
  A worm (D:2)
  2 dart slugs (D:2)
  5 orcs
  4 bats
  6 endoplasms
  A giant cockroach (D:4)
  9 goblins
  11 hobgoblins
  5 jackals (D:4)
  3 quokkas
  11 ball pythons
  5 frilled lizards
  6 kobolds
  8 rats
83 creatures vanquished.

Vanquished Creatures (collateral kills)
  An endoplasm (D:1)
  A frilled lizard (D:1)
2 creatures vanquished.

Grand Total: 85 creatures vanquished

Notes
Turn   | Place    | Note
-------+----------+-------------------------------------------
     0 | D:1      | patchburns1 the Demonspawn Necromancer began the quest for
                  | the Orb.
     0 | D:1      | Reached XP level 1. HP: 13/13 MP: 3/3
   260 | D:1      | Gained mutation: You regenerate a little health from kills.
                  | [demonic ancestry]
   260 | D:1      | Reached XP level 2. HP: 16/19 MP: 3/5
   569 | D:1      | Learned a level 1 spell: Animate Skeleton
   631 | D:1      | Found a faded altar of an unknown god.
  1056 | D:2      | Gained mutation: You have a small tail. [demonic ancestry]
  1056 | D:2      | Reached XP level 3. HP: 22/25 MP: 2/6
  2296 | D:3      | Reached skill level 5 in Necromancy
  2296 | D:3      | Reached XP level 4. HP: 13/31 MP: 2/7
  2536 | D:3      | Found a hide-covered altar of Uskayaw.
  2743 | D:3      | Reached skill level 1 in Armour
  2867 | D:3      | Learned a level 3 spell: Vampiric Draining
  2942 | D:4      | Noticed an ogre
  3005 | D:3      | Killed an ogre
  3006 | D:3      | Reached skill level 1 in Fighting
  3006 | D:3      | Gained mutation: You have a tail ending in a sharp stinger.
                  | [demonic ancestry]
  3006 | D:3      | Reached XP level 5. HP: 37/37 MP: 6/9
  3174 | D:4      | Reached skill level 1 in Staves
  3313 | D:4      | Identified the amulet of Lawkuuci {Acrobat Harm rElec Int-4
                  | Dex+9}
  3744 | D:4      | Found a bloodstained altar of Trog.
  4022 | D:5      | Entered Level 5 of the Dungeon
  4355 | D:5      | Reached skill level 1 in Evocations
  4828 | D:5      | Noticed a centaur
  4838 | D:5      | HP: 1/37 [centaur (2)]
  4840 | D:5      | Slain by a centaur

Illustrated notes

Levels and vault maps discovered:
D:1:      giann_wishing_wells, layout_rooms,
          hellmonk_ecumenical_altar_crossroads
D:2:      layout_basic, moated_statue
D:3:      layout_loops_cross, lemuel_tele_altar
D:4:      layout_loops_ring, trog_hazing_becter
D:5:      layout_loops_corners, okawaru_ov_weapons_minmay,
          minmay_temple_entry_nine_rooms, grunt_ministairs_4,
          minmay_misc_feat_x, minmay_tree_intersection

Skill      XL: |  1  2  3  4  5 |
---------------+----------------+-----
Stealth        | 2 |  2.5
Dodging        | 2 |  2.4
Necromancy     | 5 |  5.3
Armour         | 1 |  1.4
Fighting       | 1 |  1.3
Staves         | 1 |  1.1
Spellcasting   | 3 |  3.1
Evocations     | 1 |  1.1

Action                   |  1- 3 |  4- 6 || total
-------------------------+-------+-------++-------
Melee: Dagger            |    67 |       ||    67
       Staff             |    17 |    58 ||    75
       Tailslap          |     5 |     4 ||     9
 Cast: Pain              |    59 |    53 ||   112
       Animate Skeleton  |     4 |     3 ||     7
Evoke: Wand              |       |     1 ||     1
  Use: Scroll            |     1 |     6 ||     7
 Stab: Sleeping          |       |     2 ||     2
Armor: Robe              |    12 |    14 ||    26
Dodge: Dodged            |    56 |    52 ||   108

Table legend: (Time is in decaauts)
 A = Elapsed time spent in this place.
 B = Non-inter-level travel time spent in this place.
 C = Inter-level travel time spent in this place.
 D = Time resting spent in this place.
 E = Time spent auto-exploring this place.
 F = Levels seen in this place.
 G = Mean time per level.
                   A        B        C        D        E       F      G
               +--------+--------+--------+--------+--------+-----+--------+
         Total |   4853 |   4853 |      0 |   1386 |   1935 |   5 |  970.6 |
       Dungeon |   4853 |   4853 |      0 |   1386 |   1935 |   5 |  970.6 |
               +--------+--------+--------+--------+--------+-----+--------+

Top non-repeatable levels by time:
     D:3: 1221 daAuts
     D:1: 1014 daAuts
     D:4: 952 daAuts
     D:2: 843 daAuts
     D:5: 820 daAuts
